 Dungeon Crawl Stone Soup version 0.18-a0-1570-gf60b0ab (webtiles) character file.

179 HandofTrog the Skirmisher (level 5, 0/45 HPs)
             Began as a Demonspawn Gladiator on Mar 14, 2016.
             Slain by Crazy Yiuf
             ... wielding a +2 quarterstaff of chaos
              (2 damage)
             ... on level 3 of the Dungeon.
             The game lasted 00:11:41 (3172 turns).

HandofTrog the Skirmisher (Demonspawn Gladiator)    Turns: 3172, Time: 00:11:43

Health: 0/45       AC:  5    Str: 17    XL:     5   Next: 33%
Magic:  3/5        EV: 12    Int:  9    God:
Gold:   156        SH:  0    Dex: 13    Spells: 0 memorised, 4 levels left

rFire  . . .     SeeInvis .     a - +0 quarterstaff
rCold  . . .     Gourm    .     b - +0 leather armour
rNeg   . . .     Faith    .     (shield currently unavailable)
rPois  .         Spirit   .     (helmet restricted)
rElec  .         Dismiss  .     p - +0 cloak
rCorr  .         Reflect  .     k - +0 pair of gloves
SustAt .         Harm     .     (no boots)
MR     .....                    (no amulet)
Stlth  +.........               (no ring)
                                (no ring)

@: lethally poisoned (0 -> -7), not resistant to hostile enchantments, very
unstealthy
A: antennae 1, rot immunity
a: no special abilities


You were on level 3 of the Dungeon.
You were not hungry.

You visited 1 branch of the dungeon, and saw 3 of its levels.

You collected 156 gold pieces.

Inventory:

Hand Weapons
 a - a +0 quarterstaff (weapon)
 u - a +0 whip
Missiles
 d - 2 throwing nets
 e - 6 exploding tomahawks
 h - 3 tomahawks of returning (quivered)
 j - 50 poisoned needles
 w - 2 poisoned javelins
Armour
 b - a +0 leather armour (worn)
 g - a +0 scale mail
 k - a +0 pair of gloves (worn)
 p - a +0 cloak (worn)
Scrolls
 l - a scroll of amnesia {unknown}
 o - 2 scrolls of teleportation
 s - 2 scrolls of remove curse
Potions
 c - 2 potions of curing
 i - 2 potions of mutation
 n - a potion of lignification
 q - a potion of flight
 t - a potion of invisibility
Comestibles
 f - 5 bread rations
 m - 2 meat rations
 r - 2 royal jellies
 v - 2 slices of pizza


   Skills:
 + Level 5.6 Fighting
 - Level 2.6 Staves
 - Level 1.7 Throwing
 - Level 2.6 Dodging


You had 4 spell levels left.
You didn't know any spells.

Dungeon Overview and Level Annotations

Branches:
Dungeon (3/15)

Altars:
Fedhas
Qazlal

Annotations:
D:3 Crazy Yiuf


Innate Abilities, Weirdness & Mutations

You have a pair of small antennae on your head.
You are immune to rotting.


Message History

You feel sick.
Crazy Yiuf hits you with a quarterstaff of chaos.
Crazy Yiuf freezes you.
* * * LOW HITPOINT WARNING * * *
You are too injured to fight recklessly!
You are too injured to fight recklessly!
You are too injured to fight recklessly!
You are too injured to fight recklessly!
You closely miss Crazy Yiuf.
Crazy Yiuf is almost dead.
You feel sick.
Crazy Yiuf laughs, "Trifle!
Iron mumblescurry sanguine."
Crazy Yiuf closely misses you.
You barely miss Crazy Yiuf.
Crazy Yiuf is almost dead.
You feel sick.
Crazy Yiuf hits you with a quarterstaff of chaos!
* * * LOW HITPOINT WARNING * * *
Crazy Yiuf freezes you.
You die...

##### # # # #
#### #...
######## #...
##..P.#.### #...
##...#P.#.@# #...
#....P.####g....#
#... #.....##
##..)# #...
#.##### ###
######... #.#
#....#... #.#
#..(.#### #.#
###....#### #.#
#.......... #.#
#..........


You could see Crazy Yiuf.

Vanquished Creatures
  8 adders
  4 gnolls (D:3)
  2 oozes (D:2)
  2 worms (D:2)
  2 dart slugs
  3 giant geckos
  4 bats
  A giant cockroach (D:2)
  2 goblins (D:2)
  4 hobgoblins (D:2)
  4 jackals
  3 ball pythons
  2 giant newts (D:3)
  9 kobolds
  9 rats
  2 fungi (D:3)
61 creatures vanquished.

Notes
Turn   | Place    | Note
--------------------------------------------------------------
     0 | D:1      | HandofTrog the Demonspawn Gladiator began the quest for the Orb.
     0 | D:1      | Reached XP level 1. HP: 16/16 MP: 1/1
   435 | D:1      | Gained mutation: You have a pair of small antennae on your head. [demonic ancestry]
   435 | D:1      | Reached XP level 2. HP: 18/23 MP: 2/2
   936 | D:2      | Reached skill level 3 in Fighting
  1279 | D:2      | Reached XP level 3. HP: 19/30 MP: 3/3
  1460 | D:2      | Reached skill level 4 in Fighting
  1909 | D:2      | Reached XP level 4. HP: 36/38 MP: 4/4
  2356 | D:3      | Reached skill level 5 in Fighting
  2371 | D:3      | Found a stormy altar of Qazlal.
  2380 | D:3      | Found a blossoming altar of Fedhas.
  2613 | D:3      | Gained mutation: You are immune to rotting. [demonic ancestry]
  2613 | D:3      | Reached XP level 5. HP: 44/44 MP: 5/5
  3154 | D:3      | Noticed Crazy Yiuf
  3172 | D:3      | HP: 2/45 [Crazy Yiuf/quarterstaff of chaos (9)]
  3172 | D:3      | Slain by Crazy Yiuf

Vault maps used:
D:1:      dpeg_arrival_three_bigger_balls, minmay_misc_feat_nine_boxes,
          hangedman_glass_teeth
D:3:      grunt_temple_overflow_forces_of_nature, first_bread,
          uniq_crazy_yiuf_cottage

Skill      XL: |  1  2  3  4 |
---------------+-------------+-----
Fighting       | 3 4 5 |  5.6
Staves         | |  2.6
Throwing       | |  1.7
Dodging        | |  2.6

Action                   |  1- 3 |  4- 6 || total
-------------------------+-------+-------++-------
Melee: Quarterstaff      |    91 |   105 ||   196
Throw: Tomahawk          |    12 |    15 ||    27
       Throwing net      |       |     1 ||     1
  Use: Potion            |     3 |     1 ||     4
       Scroll            |       |     7 ||     7
  Eat: Chunk             |     2 |     5 ||     7
